 Dungeon Crawl Stone Soup version 0.25.0-11-g1f837a76a1 (webtiles) character file.

Game seed: 11213498617712725728

160 MisterFreud the Skirmisher (level 5, -2/47 HPs)
             Began as a Formicid Fighter on June 27, 2020.
             Slain by an orc
             ... wielding a +0 flail
              (3 damage)
             ... on level 3 of the Dungeon.
             The game lasted 00:02:27 (1896 turns).

MisterFreud the Skirmisher (Formicid Fighter)       Turns: 1896, Time: 00:02:27

Health: -2/47      AC:  8    Str: 21    XL:     5   Next: 69%
Magic:  5/5        EV:  7    Int:  8    God:
Gold:   81         SH:  9    Dex: 10    Spells: 4/4 levels left

rFire    . . .     SeeInvis +   a - +0 war axe
rCold    . . .     Gourm    .   c - +0 kite shield
rNeg     . . .     Faith    .   b - +0 scale mail
rPois    .         Spirit   .   (helmet unavailable)
rElec    .         Reflect  .   (no cloak)
rCorr    .         Harm     .   n - +0 pair of gloves
MR       .....                  (no boots)
Stlth    ..........             (no amulet)
HPRegen  0.15/turn              (no ring)
MPRegen  0.09/turn              (no ring)

@: no status effects
A: permanent stasis, dig shafts and tunnels, four strong arms, antennae 3
a: Dig, Shaft Self


You were on level 3 of the Dungeon.
You were very hungry.

You visited 1 branch of the dungeon, and saw 3 of its levels.

You collected 81 gold pieces.

Inventory:

Hand Weapons
 a - a +0 war axe (weapon)
Armour
 b - a +0 scale mail (worn)
 c - a +0 kite shield (worn)
 n - a +0 pair of gloves (worn)
Jewellery
 m - an uncursed ring of fire
Scrolls
 e - a scroll of blinking {unknown}
 l - a scroll of immolation {unknown}
 o - 3 scrolls of identify {unknown}
 q - a scroll of teleportation {unknown}
 r - 3 scrolls of enchant armour {unknown}
 t - a scroll of amnesia {unknown}
 u - 2 scrolls of remove curse {unknown}
 v - a scroll of enchant weapon {unknown}
Potions
 d - a potion of might
 g - a potion of flight {unknown}
 h - 2 potions of berserk rage {unknown}
 i - a potion of lignification {unknown}
 j - a potion of resistance {unknown}
 k - 2 potions of magic {unknown}
 p - a potion of stabbing {unknown}
 s - 2 potions of degeneration {unknown}
Comestibles
 f - 5 rations


   Skills:
 + Level 6.5 Fighting
 - Level 2.0 Axes
 - Level 3.2 Armour
 - Level 3.6 Shields


You had 4 spell levels left.
You didn't know any spells.
Your spell library was empty.

Dungeon Overview and Level Annotations

Branches:
Dungeon (3/15)

Altars:
The Shining One

Annotations:
D:3 1 runed translucent door


Innate Abilities, Weirdness & Mutations

You cannot be hasted, slowed, berserked, paralysed or teleported.
You can dig through walls and to a lower floor.
Your four strong arms can wield two-handed weapons with a shield.
You have a pair of large antennae on your head. (SInv)


Message History

You closely miss the orc.
The orc shouts!
You hit the adder. You block the adder's attack.
An orc comes into view. It is wielding a +1 hand axe of pain.
The adder bites you.
* * * LOW HITPOINT WARNING * * *
The orc barely misses you.
The orc moves out of view.
Unknown command.
Unknown command.
Unknown command.
Unknown command.
Are you sure you want to shaft yourself?
You are feeling very hungry.
The adder bites you.
* * * LOW HITPOINT WARNING * * *
You block the orc's attack. The adder bites you.
* * * LOW HITPOINT WARNING * * *
You begin to dig a shaft.
You continue digging a shaft.
The adder barely misses you. The orc hits you with a +0 flail.
You die...

#........#
###........#
..........$#
.....o.....#
..#.o...oo.#
#######o##
#o# #. #o#
#... #@#
#..#S## #
##..b.####.#
#.....>..#.#
#.######.#.#
#.. ##...#
... #.#..#
... ##.###
.........S
##.##


You could see an orc wizard (invisible), an adder, 4 orcs and a bat.

Vanquished Creatures
  An orc priest (D:3)
  3 gnolls (D:3)
  4 adders
  A worm (D:3)
  A dart slug (D:1)
  5 orcs (D:3)
  A ball python (D:2)
  3 giant cockroaches
  7 goblins
  5 hobgoblins
  4 jackals (D:2)
  3 kobolds
  8 bats
  A frilled lizard (D:1)
  9 rats
56 creatures vanquished.

Notes
Turn   | Place    | Note
-------+----------+-------------------------------------------
     0 | D:1      | MisterFreud the Formicid Fighter began the quest for the
                  | Orb.
     0 | D:1      | Reached XP level 1. HP: 18/18 MP: 1/1
    88 | D:1      | Reached XP level 2. HP: 18/25 MP: 2/2
    90 | D:1      | Reached skill level 4 in Fighting
   606 | D:1      | Reached XP level 3. HP: 31/31 MP: 3/3
  1159 | D:2      | Reached skill level 5 in Fighting
  1159 | D:2      | Reached XP level 4. HP: 39/39 MP: 4/4
  1486 | D:3      | Found a glowing golden altar of the Shining One.
  1494 | D:3      | Found a runed translucent door.
  1494 | D:3      | Noticed an angel
  1538 | D:3      | Reached XP level 5. HP: 18/46 MP: 5/5
  1834 | D:3      | Reached skill level 6 in Fighting
  1895 | D:3      | HP: 1/47 [adder (4)]
  1896 | D:3      | Slain by an orc

Illustrated notes

Levels and vault maps discovered:
D:1:      mrwooster_arrival_statue_2, layout_basic
D:2:      layout_loops_cross, first_ration
D:3:      layout_rooms, overflow_temple_1_default, portal_sewer_entry_d,
          serial_glass, glass_columns_a, glass_columns_a, glass_columns_b,
          glass_columns_b, glass_columns_a, lemuel_angel_altar, uniq_natasha

Skill      XL: |  1  2  3  4  5 |
---------------+----------------+-----
Fighting       | 4 5 6 |  6.5
Axes           | |  2.0
Armour         | |  3.2
Shields        | |  3.6

Action                   |  1- 3 |  4- 6 || total
-------------------------+-------+-------++-------
Melee: War axe           |    84 |    80 ||   164
 Abil: Dig               |       |     2 ||     2
       Shaft Self        |       |     1 ||     1
  Eat: Chunk             |     1 |     2 ||     3
Armor: Scale mail        |    52 |    56 ||   108
Dodge: Dodged            |    30 |    31 ||    61
Block: Kite shield       |    52 |    47 ||    99
